Map: Graystone Ravine

Players

OhLala - Winner!

  • Race: Protoss Protoss
  • Spawn Location: 9:00

Gracz - Winner!

  • Race: Terran Terran
  • Spawn Location: 11:00

zerg

  • Race: Zerg Zerg
  • Spawn Location: 3:00

Ben

  • Race: Terran Terran
  • Spawn Location: 5:00

VOD

Have the link to the VOD?

Description

Time

  • Played on: May 2, 2016, 5:31 a.m.
  • Length: 10:32
Show
View Real Time Build Order
Export as new Build Order

OhLala Protoss - Winner!

Build Orders:  

Get SALT Encoding   

  12  0:01  Probe (Chrono Boost)  
  13  0:12  Probe (Chrono Boost)  
  14  0:20  Pylon  
  14  0:25  Probe (Chrono Boost)  
  15  0:41  Forge  
  15  0:43  Probe (Chrono Boost)  
  16  0:53  Probe (Chrono Boost)  
  18  1:04  Probe (Chrono Boost)  
  17  1:14  Probe (Chrono Boost)  
  17  1:17  Gateway  
  18  1:34  Pylon  
  18  1:37  Probe (Chrono Boost)  
  19  1:40  Assimilator  
  19  1:48  Probe (Chrono Boost)  
  19  1:53  Photon Cannon  
  20  1:55  Photon Cannon  
  20  1:59  Gateway  
  20  2:04  Probe (Chrono Boost)  
  21  2:17  Pylon  
  21  2:20  Probe (Chrono Boost), Cybernetics Core  
  22  2:34  Probe (Chrono Boost)  
  23  2:49  Probe (Chrono Boost)  
  24  2:54  Nexus  
  24  2:57  Pylon  
  25  3:05  Probe (Chrono Boost)  
  25  3:15  Assimilator  
  25  3:17  Photon Cannon  
  25  3:28  Gateway  
  25  3:31  Gateway  
  25  3:43  Probe (Chrono Boost)  
  26  3:54  Mothership Core (Chrono Boost)  
  28  4:11  Assimilator  
  28  4:13  Assimilator  
  28  4:20  Pylon  
  28  4:23  Zealot x2  
  34  4:24  Probe x2 (Chrono Boost)  
  34  4:44  Pylon  
  34  4:56  Probe (Chrono Boost)  
  34  5:01  Stargate, Probe (Chrono Boost)  
  34  5:06  Probe (Chrono Boost)  
  36  5:12  Probe (Chrono Boost)  
  37  5:15  Pylon  
  37  5:16  Warp Gate  
  37  5:17  Probe (Chrono Boost)  
  38  5:22  Probe (Chrono Boost)  
  38  5:27  Probe (Chrono Boost)  
  40  5:33  Probe (Chrono Boost)  
  41  5:38  Stargate, Probe (Chrono Boost)  
  42  5:43  Probe (Chrono Boost)  
  42  5:46  Void Ray  
  47  5:52  Probe (Chrono Boost)  
  47  5:54  Probe (Chrono Boost)  
  47  5:56  Pylon  
  49  6:03  Probe (Chrono Boost)  
  50  6:04  Probe (Chrono Boost)  
  51  6:14  Probe (Chrono Boost)  
  51  6:15  Probe (Chrono Boost)  
  53  6:22  Void Ray  
  53  6:25  Probe (Chrono Boost)  
  58  6:26  Probe (Chrono Boost)  
  58  6:30  Void Ray  
  63  6:47  Nexus  
  63  6:49  Pylon  
  63  6:52  Probe x2 (Chrono Boost)  
  65  7:04  Probe x2 (Chrono Boost)  
  65  7:07  Void Ray  
  71  7:10  Photon Cannon  
  71  7:11  Pylon  
  71  7:15  Void Ray  
  71  7:21  Gateway  
  75  7:27  Assimilator, Probe x2 (Chrono Boost)  
  75  7:29  Assimilator  
  77  7:35  Photon Cannon  
  77  7:38  Probe x2 (Chrono Boost)  
  77  7:44  Stargate  
  79  7:48  Probe x2 (Chrono Boost)  
  81  7:56  Pylon  
  81  8:02  Void Ray  
  81  8:03  Void Ray  
  89  8:15  Photon Cannon  
  89  8:21  Probe x2 (Chrono Boost)  
  91  8:41  Fleet Beacon  
  91  8:45  Void Ray  
  95  8:57  Nexus  
  95  8:59  Pylon  
Show
View Real Time Build Order
Export as new Build Order

Gracz Terran - Winner!

Build Orders:  

Get SALT Encoding   

  12  0:01  SCV  
  13  0:13  SCV  
  14  0:23  Supply Depot  
  14  0:48  Barracks  
  14  0:55  Refinery, SCV  
  15  0:58  Supply Depot  
  15  1:07  SCV  
  16  2:10  Engineering Bay  
  16  2:12  Reaper  
  18  2:15  SCV  
  18  2:17  Refinery  
  18  2:42  Orbital Command  
  18  2:46  Barracks Reactor  
  18  3:28  Reaper x2  
  19  3:56  Barracks  
  19  4:00  Barracks, Reaper x2  
  21  4:05  Factory  
  21  4:32  Reaper  
  20  4:56  Reaper  
  20  4:57  Barracks Reactor x2  
  21  5:08  SCV  
  22  5:20  SCV  
  23  6:12  Reaper  
  23  6:14  Reaper x2  
  23  6:15  Reaper x3  
  29  6:34  Starport  
  29  6:44  Reaper  
  29  6:46  Reaper  
  31  6:54  Reaper  
  32  7:04  Supply Depot  
  32  8:01  Starport Tech Lab, Factory Tech Lab  
  32  8:07  Terran Infantry Weapons Level 1  
  32  8:12  Reaper  
  33  8:13  Reaper x5  
  38  8:33  Command Center  
  38  8:44  Reaper  
  38  8:45  Reaper x4  
  43  9:00  Refinery  
  43  9:14  Reaper  
  43  9:16  Reaper, Widow Mine  
  47  9:17  Reaper  
  48  9:31  Banshee  
Show
View Real Time Build Order
Export as new Build Order

zerg Zerg 

Build Orders: Pool First 

Get SALT Encoding   

  12  0:02  Drone  
  13  0:12  Drone  
  14  0:18  Overlord  
  14  0:40  Drone x2  
  14  0:41  Spawning Pool  
  15  0:45  Drone  
  16  0:55  Drone  
  17  1:15  Extractor  
  17  1:17  Drone x2  
  18  1:29  Hatchery  
  17  1:34  Queen  
  19  1:40  Drone  
  20  1:58  Drone x2  
  22  2:14  Overlord  
  22  2:16  Overlord  
  22  2:41  Zergling x4  
  25  2:45  Zergling x6  
  25  2:50  Extractor  
  27  3:05  Drone  
  28  3:12  Roach Warren  
  27  3:15  Queen  
  29  3:23  Metabolic Boost  
  29  3:26  Drone  
  30  3:32  Drone x2  
  32  3:55  Roach x2, Zergling x4  
  33  4:05  Roach  
  35  4:10  Spine Crawler  
  35  4:12  Drone  
  35  4:13  Lair  
  35  4:14  Spine Crawler x2  
  33  4:20  Evolution Chamber  
  32  4:32  Ravager x3  
  34  5:04  Roach x2  
  38  5:12  Overlord  
  38  5:30  Zerg Missile Weapons Level 1  
  38  5:33  Ravager x2  
  40  5:44  Hatchery  
  40  5:46  Drone x3  
  42  5:59  Drone  
  43  6:09  Roach  
  45  6:14  Hydralisk Den  
  44  6:32  Queen  
  46  6:46  Overlord x2  
  46  6:56  Drone x2  
  46  6:57  Drone x3  
  46  6:58  Drone  
  52  7:03  Queen  
  54  7:23  Evolution Chamber  
  53  7:31  Zerg Ground Armor Level 1  
  53  7:36  Drone x3  
  56  7:38  Drone x4  
  56  7:39  Drone  
  56  7:40  Drone  
  62  7:48  Hydralisk  
  62  7:49  Zerg Missile Weapons Level 2  
  64  7:54  Roach, Drone  
  64  7:55  Drone  
  64  7:57  Overlord  
  68  8:02  Extractor  
  68  8:04  Extractor  
  68  8:05  Drone  
  67  8:15  Spine Crawler x2  
  65  8:24  Drone x2  
  65  8:25  Drone  
  68  8:29  Drone x2  
  68  8:30  Roach  
  72  8:35  Drone  
  73  8:56  Hatchery  
  73  8:57  Drone x3  
  73  8:59  Overlord  
  60  10:03  Roach x3  
Show
View Real Time Build Order
Export as new Build Order

Ben Terran 

Build Orders:  

Get SALT Encoding   

  12  0:02  SCV  
  13  0:20  SCV  
  14  0:24  Supply Depot  
  14  0:34  SCV  
  15  0:46  SCV  
  15  0:49  Supply Depot  
  16  0:55  Barracks  
  16  0:58  SCV  
  17  1:05  Refinery  
  17  1:10  Refinery, SCV  
  18  1:22  SCV  
  19  1:34  SCV  
  19  1:36  Barracks  
  20  1:46  SCV  
  21  1:50  Barracks Reactor  
  21  1:58  SCV  
  22  2:03  Engineering Bay  
  22  2:11  SCV  
  23  2:23  Barracks, SCV  
  24  2:35  SCV  
  25  2:48  Marine x2  
  27  3:03  Factory  
  27  3:06  Marine x2  
  29  3:13  Marine  
  30  3:24  Marine  
  30  3:25  Barracks Tech Lab  
  31  3:38  Barracks Reactor  
  31  3:47  Supply Depot  
  31  3:50  Factory Tech Lab  
  31  4:09  Marine x2  
  33  4:11  Supply Depot  
  27  4:27  Marine x2  
  27  4:30  Siege Tank, Command Center  
  32  4:44  Marine x2  
  32  5:02  Marine x2  
  32  5:03  Siege Tank  
  37  5:37  Factory  
  37  5:38  SCV  
  38  5:50  SCV  
  38  5:56  Marine x3  
  38  5:57  Marine x2  
  42  5:58  Combat Shields  
  42  6:01  Terran Infantry Weapons Level 1  
  44  6:09  Starport  
  44  6:19  SCV  
  44  6:21  Armory  
  45  6:26  Marine x2  
  45  6:27  Marine x3  
  45  6:32  SCV  
  51  6:44  Marine x3, Factory Tech Lab, SCV  
  51  6:45  Marine  
  56  6:50  Missile Turret  
  56  6:55  Missile Turret  
  56  6:56  SCV  
  57  7:07  Missile Turret  
  57  7:08  SCV  
  58  7:17  Stimpack  
  58  7:18  Terran Vehicle Weapons Level 1  
  58  7:22  Supply Depot, SCV  
  59  7:31  Siege Tank  
  59  7:33  Supply Depot, Starport Tech Lab  
  62  7:50  Starport  
  62  7:55  Terran Infantry Armor Level 1  
  62  7:56  Marine x5  
  67  8:05  SCV  
  68  8:13  Marine  
  68  8:17  SCV  
  70  8:20  Missile Turret  
  70  8:29  SCV  
  70  8:31  Refinery  
  70  8:34  Starport Reactor  
  71  8:41  Refinery  
  71  8:48  Missile Turret  
  71  9:08  Siege Tank x2  
  77  9:21  Supply Depot  
  77  9:37  Marine  
  78  9:42  Marine x4, Siege Tank  
  85  9:55  SCV  
  86  10:14  Supply Depot  
  86  10:16  Supply Depot  
Tags
 
Add a new tag
Caveats
  • Supply blocks, unpowered buildings, or Contaminate may cause inaccurate times.
  • Supply counts are checked every 10 seconds.